 Dungeon Sprint DCSS version 0.22.1-2-g9c5b331 (webtiles) character file.

1574 diana the Unseen (level 8, 0/76 HPs)
             Began as an Octopode Assassin on Dec 14, 2018.
             Was a High Priest of Dithmenos.
             Slain by a flayed ghost (22 damage)
             ... in the Dungeon (Sprint VII: "The Pits").
             The game lasted 00:04:04 (994 turns).

diana the Unseen (Octopode Assassin)                 Turns: 994, Time: 00:04:05

Health: 0/76       AC:  1    Str: 16    XL:     8   Next: 90%
Magic:  8/9        EV: 13    Int: 13    God:    Dithmenos [*****.]
Gold:   0          SH:  0    Dex: 15    Spells: 7/7 levels left

rFire    . . .     SeeInvis .   q - +2 dagger (venom)
rCold    . . .     Gourm    .   (no shield)
rNeg     . . .     Faith    .   (helmet restricted)
rPois    .         Spirit   .   (no amulet)
rElec    .         Reflect  .   (no ring)
rCorr    .         Harm     .   (no ring)
MR       .....     NoTele   +   (no ring)
Stlth    ..........             (no ring)
HPRegen  0.22/turn              (no ring)
MPRegen  0.11/turn              (no ring)
                                (no ring)
                                (no ring)

@: berserking, wreathed by umbra, very quick
A: almost no armour, stealthy swim, amphibious, 8 rings, constrict 8, camouflage
1, gelatinous body 1
a: Shadow Step, Shadow Form, Renounce Religion


You were in the Dungeon.
You worshipped Dithmenos.
Dithmenos was extremely pleased with you.
You were not hungry.

You visited 1 branch

Inventory:

Hand Weapons
 b - a +0 blowgun
 q - a +2 dagger of venom (weapon)
 t - a +2 rapier of draining
Missiles
 c - 8 poisoned needles
 d - 2 curare-tipped needles
Jewellery
 a - a +3 ring of dexterity
 l - a +3 ring of evasion
Scrolls
 k - a scroll of blinking
 n - 3 scrolls of remove curse
 o - 5 scrolls of amnesia
 p - a scroll of summoning
Potions
 e - 7 potions of curing
 g - 11 potions of heal wounds
 h - 2 potions of haste
 i - 4 potions of magic
 j - 2 potions of berserk rage
 m - 2 potions of invisibility
 r - 2 potions of might
 s - a potion of brilliance
Comestibles
 f - 9 rations


   Skills:
 + Level 2.7 Fighting
 + Level 11.2 Short Blades
 - Level 2.0 Throwing
 + Level 2.0 Dodging
 - Level 20.2 Stealth
 + Level 1.7 Invocations


You had 7 spell levels left.
You didn't know any spells.
Your spell library was empty.

Dungeon Overview and Level Annotations

Branches:
Dungeon (1/1)

Altars:
Ashenzari
Cheibriados
Dithmenos
Elyvilon
Fedhas
Gozag
Hepliaklqana
Kikubaaqudgha
Makhleb
Nemelex Xobeh
Okawaru
Qazlal
Ru
Sif Muna
Trog
Uskayaw
Vehumet
Wu Jian
Xom
Yredelemnul
Zin
The Shining One
Beogh
Jiyva
Lugonu


Innate Abilities, Weirdness & Mutations

You cannot wear most types of armour.
You are very stealthy in the water. (Stealth+)
You are amphibious.
You can wear up to eight rings at the same time.
You can use your tentacles to constrict eight enemies at once.
Your skin changes colour to match your surroundings (Stealth+).
Your rubbery body absorbs attacks. (AC +1, EV +1)


Message History

The vampire mosquito bites you.
The vampire mosquito draws strength from your injuries!
The vampire mosquito bites you!
The vampire mosquito draws strength from your injuries!
Unknown command.
A red film seems to cover your vision as you go berserk!
You feel yourself moving faster!
You feel mighty!
You constrict the vampire mosquito. The vampire mosquito misses you.
The vampire mosquito barely misses you. The vampire mosquito bites you!
The vampire mosquito draws strength from your injuries!
The vampire mosquito bites you.
* * * LOW HITPOINT WARNING * * *
The vampire mosquito draws strength from your injuries!
You puncture the vampire mosquito!
You destroy the vampire mosquito!
Dithmenos accepts your kill.
Your Dodging skill increases to level 2!
Your Invocations skill increases to level 1!
The flayed ghost hits you!!
You die...

#####++##########
............##..#
..#..#......##..#
............''..#
............''..########
..#..#......##..@†y.....
............##..yW......
#####++#################
...# ...# ...# ...# ...#
...#


You could see a flayed ghost and 2 vampire mosquitoes.

Vanquished Creatures
  An elephant (D)
  A komodo dragon (D)
  A tyrant leech (D)
  A vampire mosquito (D)
  Edmund (D)
  2 wolves (D)
  2 centaurs (D)
  A gnoll sergeant (D)
  2 wights (D)
  A hound (D)
  An adder (D)
  2 river rats (D)
  An ooze (D)
  A worm (D)
  A leopard gecko (D)
  An orc (D)
  A ball python (D)
  2 bats (D)
  2 kobolds (D)
25 creatures vanquished.

Notes
Turn   | Place    | Note
-------+----------+-------------------------------------------
     0 | D        | diana the Octopode Assassin began the quest for the Orb.
     0 | D        | Reached XP level 1. HP: 14/14 MP: 1/1
    12 | D        | Reached skill level 6 in Stealth
    39 | D        | Found a glowing golden altar of the Shining One.
    39 | D        | Found a glowing silver altar of Zin.
    39 | D        | Found a basalt altar of Yredelemnul.
    39 | D        | Found a shimmering altar of Xom.
    39 | D        | Found an ornate altar of the Wu Jian Council.
    39 | D        | Found a bloodstained altar of Trog.
    39 | D        | Found a deep blue altar of Sif Muna.
    39 | D        | Found a sacrificial altar of Ru.
    39 | D        | Found a stormy altar of Qazlal.
    39 | D        | Found an iron altar of Okawaru.
    39 | D        | Found a sparkling altar of Nemelex Xobeh.
    39 | D        | Found a burning altar of Makhleb.
    39 | D        | Found a viscous altar of Jiyva.
    39 | D        | Found a hazy altar of Hepliaklqana.
    39 | D        | Found an opulent altar of Gozag.
    39 | D        | Found a blossoming altar of Fedhas.
    39 | D        | Found a white marble altar of Elyvilon.
    39 | D        | Found a shadowy altar of Dithmenos.
    39 | D        | Found a snail-covered altar of Cheibriados.
    40 | D        | Found a radiant altar of Vehumet.
    40 | D        | Found a corrupted altar of Lugonu.
    40 | D        | Found a roughly hewn altar of Beogh.
    41 | D        | Found an ancient bone altar of Kikubaaqudgha.
    41 | D        | Found a hide-covered altar of Uskayaw.
    41 | D        | Found a shattered altar of Ashenzari.
    46 | D        | Became a worshipper of Dithmenos the Shadowed
    65 | D        | Reached skill level 7 in Stealth
    65 | D        | Reached XP level 2. HP: 11/19 MP: 2/2
   194 | D        | Reached * piety under Dithmenos
   200 | D        | Noticed a centaur
   204 | D        | Killed a centaur
   204 | D        | Reached skill level 5 in Short Blades
   204 | D        | Reached skill level 11 in Stealth
   204 | D        | Reached XP level 3. HP: 24/24 MP: 3/3
   204 | D        | Reached XP level 4. HP: 29/29 MP: 4/4
   210 | D        | Reached ** piety under Dithmenos
   265 | D        | Noticed a wolf
   266 | D        | Noticed Edmund
   287 | D        | Killed a wolf
   287 | D        | Reached skill level 13 in Stealth
   287 | D        | Reached XP level 5. HP: 34/34 MP: 5/5
   326 | D        | Reached *** piety under Dithmenos
   467 | D        | Killed Edmund
   467 | D        | Reached skill level 15 in Stealth
   467 | D        | Reached XP level 6. HP: 39/39 MP: 6/6
   503 | D        | Reached **** piety under Dithmenos
   503 | D        | Reached skill level 16 in Stealth
   505 | D        | Noticed an elephant
   507 | D        | Killed an elephant
   507 | D        | Reached skill level 18 in Stealth
   507 | D        | Reached XP level 7. HP: 45/45 MP: 7/7
   513 | D        | Reached skill level 10 in Short Blades
   517 | D        | Reached XP level 8. HP: 37/50 MP: 8/8
   523 | D        | Reached ***** piety under Dithmenos
   731 | D        | Noticed a komodo dragon
   732 | D        | Reached skill level 19 in Stealth
   733 | D        | Noticed a tyrant leech
   883 | D        | Killed a tyrant leech
   886 | D        | Killed a komodo dragon
   886 | D        | Reached skill level 20 in Stealth
   978 | D        | Noticed a flayed ghost
   994 | D        | Reached skill level 1 in Invocations
   994 | D        | Slain by a flayed ghost

Skill      XL: |  1  2  3  4  5  6  7  8 |
---------------+-------------------------+-----
Stealth        | 7 11 13 15 18 20 | 20.2
Short Blades   | 3 5 6 8 9 10 11 | 11.2
Dodging        | 2 |  2.0
Invocations    | 1 |  1.7
Fighting       | |  2.7
Throwing       | |  2.0

Action                   |  1- 3 |  4- 6 |  7- 9 || total
-------------------------+-------+-------+-------++-------
Melee: Dagger            |    10 |    28 |    26 ||    64
       Constrict         |     3 |     3 |     2 ||     8
       Tentacles         |     1 |     6 |     6 ||    13
  Use: Potion            |       |     1 |     3 ||     4
 Stab: Sleeping          |     4 |     6 |     3 ||    13
       Distracted        |       |       |     2 ||     2
Armor: Skin              |       |       |     1 ||     1
Dodge: Dodged            |     3 |    11 |    21 ||    35
